 Dungeon Crawl Stone Soup version 0.24.1-14-gf8d2b509d9 (webtiles) character file.

Game seed: 11853370099388601027, levelgen mode: deterministic

1234 Gildeon the Firebug (level 8, -16/58 HPs)
             Began as a Mummy Fire Elementalist on June 3, 2020.
             Was a Believer of Sif Muna.
             Demolished by a two-headed ogre
             ... wielding a +0 giant club
              (31 damage)
             ... on level 5 of the Dungeon.
             The game lasted 00:25:44 (8082 turns).

Gildeon the Firebug (Mummy Fire Elementalist)       Turns: 8082, Time: 00:25:45

Health: -16/58     AC:  8    Str: 11    XL:     8   Next: 24%
Magic:  14/14      EV: 13    Int: 17    God:    Sif Muna [**....]
Gold:   267        SH:  0    Dex: 12    Spells: 0/15 levels left

rFire    . . .     SeeInvis .   h - +2 dagger (venom)
rCold    + + +     Gourm    .   (no shield)
rNeg     + + +     Faith    .   g - +2 robe {rC+ rF+}
rPois    ∞         Spirit   .   i - +0 helmet
rElec    .         Reflect  .   (no cloak)
rCorr    .         Harm     .   (no gloves)
MR       ++...                  n - +2 pair of boots
Stlth    +++.......             (no amulet)
HPRegen  0.19/turn              a - ring of protection from magic
MPRegen  0.14/turn              e - ring of protection from cold

@: about to teleport
A: no food or potions, fire vulnerability, cold resistance 1, negative energy
resistance 3, torment resistance, unbreathing
a: Channel Magic, Renounce Religion


You were on level 5 of the Dungeon.
You worshipped Sif Muna.
Sif Muna was pleased with you.
You were not hungry.

You visited 2 branches of the dungeon, and saw 6 of its levels.

You collected 267 gold pieces.

Inventory:

Hand Weapons
 d - a +1 war axe of flaming
 h - a +2 dagger of venom (weapon)
Armour
 g - a +2 robe of resistance (worn)
 i - a +0 helmet (worn)
 n - a +2 pair of boots (worn)
Jewellery
 a - a ring of protection from magic (left hand)
 e - a ring of protection from cold (right hand)
Wands
 j - a wand of random effects (9)
Scrolls
 b - 3 scrolls of remove curse
 c - 4 scrolls of identify
 k - a scroll of teleportation
 l - 2 scrolls of magic mapping
 m - a scroll of blinking


   Skills:
 - Level 3.2 Fighting
 + Level 4.0 Dodging
 + Level 4.2 Stealth
 - Level 4.0 Spellcasting
 + Level 3.6 Conjurations
 + Level 4.4 Fire Magic


You couldn't memorise any spells.
You knew the following spells:

 Your Spells              Type           Power        Failure   Level  Hunger
a - Flame Tongue          Conj/Fire      ###..        3%          1    N/A
b - Throw Flame           Conj/Fire      ###...       4%          2    N/A
c - Conjure Flame         Conj/Fire      ###.....     9%          3    N/A
d - Sticky Flame          Conj/Fire      ###.....     30%         4    N/A
e - Fireball              Conj/Fire      ###.......   63%         5    N/A

Your spell library contained the following spells:

 Spells                   Type           Power        Failure   Level  Hunger
 Inner Flame              Hex/Fire       ##......     19%         3    N/A

Dungeon Overview and Level Annotations

Branches:
Dungeon (5/15)             Temple (1/1) D:5

Altars:
Ashenzari
Cheibriados
Dithmenos
Elyvilon
Fedhas
Gozag
Hepliaklqana
Kikubaaqudgha
Makhleb
Nemelex Xobeh
Okawaru
Qazlal
Ru
Sif Muna
Trog
Uskayaw
Vehumet
Wu Jian
Xom
Yredelemnul
Zin
The Shining One

Annotations:
D:3 3 runed translucent doors, miami27's ghost, amateur GrFi


Innate Abilities, Weirdness & Mutations

You do not eat or drink.
Your flesh is vulnerable to fire.
You are immune to poison.
Your flesh is cold resistant. (rC+)
You are immune to negative energy. (rN+++)
You are immune to unholy pain and torment.
You can survive without breathing.


Message History

Throwing (i - inventory)
f - a poisoned dart (quivered)
Press: ? - help, Shift-Dir - straight line, f - two-headed ogre
Aim: a two-headed ogre, wielding two +0 giant clubs (moderately wounded)
You throw a poisoned dart.
The poisoned dart hits the two-headed ogre.
The two-headed ogre is poisoned.
The two-headed ogre is moderately wounded.
The two-headed ogre looks more healthy.
Firing (i - inventory) No suitable missiles.
Press: ? - help, Shift-Dir - straight line, f/p - two-headed ogre
Aim: a two-headed ogre, wielding two +0 giant clubs (moderately wounded)
Okay, then.
The two-headed ogre hits you with a +0 giant club!!
* * * LOW HITPOINT WARNING * * *
The two-headed ogre closely misses you.
As you read the scroll of teleportation, it crumbles to dust.
You feel strangely unstable. The two-headed ogre barely misses you.
The two-headed ogre hits you with a +0 giant club!!
Ouch! That really hurt!
You die...

.........................###..###
.###.>....##....................#
###...........................###
.....(........................#
##..........##............##..#
#...)..%.................#####
#........................#
#..............O.........#
#..............@....%...##
#..(.......##...........#
#.......................#
#................#......#
#...........#....#.######
#...##...#..##.....##
#..#..#.#....#.#.#..#
#..#....#..#..####..##
##...#....##...##.....#


You could see a two-headed ogre.

Vanquished Creatures
  The ghost of zujk the Insei, an amateur OpTm (D:4)
  3 ogres (D:5)
  A centaur (D:5)
  A scorpion (D:5)
  A crimson imp (D:5)
  A howler monkey (D:4)
  3 orc priests
  A gnoll shaman (D:4)
  An iguana (D:5)
  5 orc wizards
  Jessica (D:3)
  Ijyb (D:3)
  2 worker ants
  Robin (D:3)
  4 gnolls (D:4)
  7 adders
  3 oozes
  6 worms
  A dart slug (D:3)
  4 leopard geckos
  7 orcs
  3 ball pythons (D:2)
  8 bats
  A giant cockroach (D:2)
  8 hobgoblins
  7 jackals
  7 kobolds
  A quokka (D:5)
  3 frilled lizards
  16 goblins
  3 rats
112 creatures vanquished.

Vanquished Creatures (others)
  5 toadstools (D:5)
5 creatures vanquished.

Grand Total: 117 creatures vanquished

Notes
Turn   | Place    | Note
-------+----------+-------------------------------------------
     0 | D:1      | Gildeon the Mummy Fire Elementalist began the quest for the
                  | Orb.
     0 | D:1      | Reached XP level 1. HP: 13/13 MP: 4/4
   391 | D:1      | Reached skill level 1 in Conjurations
   402 | D:2      | Reached XP level 2. HP: 12/20 MP: 0/5
   633 | D:1      | HP: 1/20 [jackal (3)]
  1067 | D:1      | Learned a level 2 spell: Throw Flame
  1149 | D:1      | Reached XP level 3. HP: 25/25 MP: 5/7
  1155 | D:1      | Reached skill level 1 in Fighting
  1223 | D:1      | Learned a level 3 spell: Conjure Flame
  1597 | D:2      | Found a bloodstained altar of Trog.
  1863 | D:2      | Found a shimmering blue altar of Sif Muna.
  1869 | D:2      | Became a worshipper of Sif Muna the Loreminder
  2640 | D:3      | Noticed Robin
  2688 | D:3      | Reached XP level 4. HP: 32/32 MP: 6/8
  2697 | D:3      | Found an iron altar of Okawaru.
  3552 | D:3      | Noticed Jessica
  3595 | D:3      | Killed Jessica
  3595 | D:3      | Reached XP level 5. HP: 7/38 MP: 0/9
  4048 | D:3      | Found a runed translucent gate.
  4050 | D:3      | Found a runed translucent gate.
  4050 | D:3      | Found a runed translucent gate.
  4052 | D:3      | Noticed miami27's ghost (amateur GrFi)
  4652 | D:3      | Killed Robin
  4703 | D:3      | Reached * piety under Sif Muna
  4833 | D:3      | Reached XP level 6. HP: 42/46 MP: 1/10
  4915 | D:3      | Learned a level 4 spell: Sticky Flame
  5021 | D:3      | Noticed Ijyb
  5034 | D:3      | Killed Ijyb
  5901 | D:4      | Found a sparkling altar of Nemelex Xobeh.
  6224 | D:4      | Found a runed translucent door.
  6229 | D:4      | Noticed zujk's ghost (amateur OpTm)
  6235 | D:4      | Killed zujk's ghost
  6235 | D:4      | Reached XP level 7. HP: 47/52 MP: 7/11
  6981 | D:5      | Entered Level 5 of the Dungeon
  7404 | D:5      | Reached XP level 8. HP: 52/58 MP: 8/13
  7478 | D:5      | Found a staircase to the Ecumenical Temple.
  7487 | Temple   | Entered the Ecumenical Temple
  7981 | D:5      | Reached ** piety under Sif Muna
  7997 | D:5      | Learned a level 5 spell: Fireball
  8052 | D:5      | Noticed a two-headed ogre
  8082 | D:5      | Demolished by a two-headed ogre

Levels and vault maps discovered:
D:1:      ebering_hopf_link, layout_basic, serial_bayou_pond_d
D:2:      layout_basic, lemuel_doored_altar, led_sif_pool
D:3:      layout_basic, gammafunk_ghost_nasty_kobolds, first_ration,
          okawaru_ov_weapons_minmay, uniq_jessica, uniq_robin, uniq_ijyb
D:4:      cheibrodos_pilgrimage, layout_basic, ebering_ghost_reflecting_pool,
          nemelex_dance_club_becter
D:5:      cheibrodos_fertilizer, layout_cave_pools,
          minmay_temple_entry_mini_moons, hangedman_decor_peaks_small
Temple:   regret_index_temple_sigil_plot

Skill      XL: |  1  2  3  4  5  6  7  8 |
---------------+-------------------------+-----
Conjurations   | 1 2 3 |  3.6
Stealth        | 2 3 4 |  4.2
Fighting       | 1 2 3 |  3.2
Dodging        | 2 3 4 |  4.0
Fire Magic     | 3 4 |  4.4
Spellcasting   | 3 4 |  4.0

Action                   |  1- 3 |  4- 6 |  7- 9 || total
-------------------------+-------+-------+-------++-------
Melee: Dagger            |    56 |    91 |   100 ||   247
Throw: Dart              |       |    52 |    16 ||    68
 Cast: Flame Tongue      |    87 |   123 |    52 ||   262
Evoke: Wand              |       |     1 |       ||     1
  Use: Scroll            |     2 |     1 |     3 ||     6
 Stab: Sleeping          |     1 |       |     1 ||     2
Armor: Robe              |    28 |    33 |    36 ||    97
Dodge: Dodged            |    78 |    99 |    62 ||   239
